Map: Ice and Chrome LE

Players

INnoVation - Winner!

  • Race: Terran Terran
  • Spawn Location: 7:00

Scarlett

  • Race: Zerg Zerg
  • Spawn Location: 1:00

Event: DreamHack SC2 Masters 2020 Fall

VOD

Have the link to the VOD?

Description

Time

  • Played on: Sept. 18, 2020, 10:23 a.m.
  • Length: 11:02

All games in this series

Show
View Real Time Build Order
Export as new Build Order

INnoVation Terran - Winner!

Build Orders: Reaper Expand 

Get SALT Encoding   

  12  0:00  SCV  
  13  0:12  SCV  
  14  0:16  Supply Depot  
  14  0:24  SCV  
  15  0:38  SCV  
  15  0:39  Barracks  
  16  0:43  Refinery  
  16  0:50  SCV  
  17  1:02  SCV  
  18  1:14  SCV  
  19  1:27  Orbital Command, Reaper  
  20  1:38  Command Center  
  20  1:49  Supply Depot  
  20  1:52  SCV  
  21  1:58  Marine  
  22  2:04  SCV  
  23  2:13  Factory  
  23  2:16  SCV  
  23  2:18  Refinery  
  23  2:21  Barracks Reactor  
  24  2:29  SCV  
  25  2:41  SCV  
  26  2:50  Orbital Command  
  26  2:53  SCV  
  26  2:58  Starport  
  27  3:06  Hellion x2, SCV  
  27  3:09  Barracks Tech Lab  
  32  3:16  SCV  
  32  3:18  SCV  
  34  3:27  Hellion x2  
  34  3:28  SCV, Supply Depot  
  34  3:30  SCV  
  40  3:39  Raven  
  40  3:40  Barracks Tech Lab, SCV  
  43  3:43  SCV  
  44  3:51  Command Center  
  44  3:55  SCV x2  
  46  3:56  Hellion  
  47  4:03  Hellion, Supply Depot  
  47  4:06  Stimpack  
  47  4:07  SCV  
  47  4:09  SCV  
  51  4:14  Supply Depot  
  51  4:15  Marine  
  52  4:19  SCV  
  52  4:21  SCV  
  54  4:25  Hellion x2  
  58  4:31  SCV  
  58  4:32  Barracks  
  58  4:33  SCV, Starport Reactor  
  60  4:43  SCV  
  60  4:44  Supply Depot, Marine  
  62  4:45  SCV  
  62  4:51  Barracks  
  63  4:55  Engineering Bay x2  
  63  4:57  SCV  
  63  4:58  SCV  
  65  5:00  Factory Reactor  
  65  5:02  Marine  
  65  5:05  Orbital Command  
  66  5:10  SCV x2  
  66  5:11  Refinery  
  66  5:13  Refinery  
  68  5:20  Marine  
  69  5:21  Starport Reactor  
  69  5:24  SCV x2  
  69  5:25  Terran Infantry Armor Level 1, Terran Infantry Weapons Level 1  
  71  5:29  Orbital Command  
  71  5:31  Marine x2  
  71  5:34  Barracks  
  73  5:36  Barracks  
  73  5:37  SCV  
  73  5:38  Widow Mine x2, SCV  
  79  5:44  Marine x2  
  79  5:45  Supply Depot, Marine  
  79  5:49  Combat Shield  
  82  5:51  SCV x2  
  84  5:57  Medivac x2  
  84  5:58  SCV  
  84  6:03  SCV x2  
  91  6:08  Marine x3  
  91  6:09  Marine  
  95  6:11  Supply Depot  
  95  6:12  SCV, Supply Depot  
  95  6:15  SCV x2  
  95  6:16  Widow Mine  
  100  6:23  Barracks Reactor x2  
  100  6:24  SCV  
  100  6:25  Supply Depot  
  101  6:26  Armory  
  101  6:30  Factory  
  101  6:33  Widow Mine, SCV x2  
  101  6:36  SCV, Marine  
  101  6:37  Marine x4  
  111  6:41  Refinery  
  111  6:42  Refinery  
  111  6:45  SCV x2  
  113  6:48  SCV  
  113  6:50  Supply Depot  
  113  6:53  Medivac x2  
  118  6:54  Marine  
  118  6:55  Marine  
  118  6:57  SCV x2, Marine  
  121  7:07  SCV  
  120  7:09  SCV x2  
  120  7:13  Missile Turret  
  120  7:14  Command Center  
  120  7:15  Missile Turret  
  120  7:16  Missile Turret  
  120  7:22  Terran Infantry Armor Level 2, Supply Depot  
  120  7:23  Terran Infantry Weapons Level 2  
  120  7:25  Drilling Claws  
  120  7:27  Widow Mine  
  122  7:35  SCV x3  
  125  7:39  Widow Mine, Supply Depot  
  127  7:49  Barracks x2, Thor  
  127  7:50  Barracks  
  133  7:54  Concussive Shells  
  135  7:58  Widow Mine  
  135  8:00  Supply Depot x2  
  135  8:01  Medivac x2  
  139  8:10  Marauder, Marine x6  
  139  8:11  Supply Depot  
  139  8:12  Supply Depot  
  146  8:21  Widow Mine  
  146  8:22  Widow Mine  
  146  8:23  Marine x2  
  152  8:27  Marine  
  152  8:28  Marine x2  
  152  8:30  Medivac  
  152  8:31  Medivac, Marauder, Supply Depot  
  159  8:42  Thor  
  159  8:46  Planetary Fortress  
  159  8:47  Barracks Tech Lab x3  
  165  8:49  Widow Mine x2  
  165  8:50  Marine  
  165  8:51  Marine x6  
  175  8:57  Supply Depot  
  175  8:58  Sensor Tower  
  175  9:00  Missile Turret  
  175  9:03  Marauder, Marine  
  175  9:07  Medivac  
  175  9:08  Medivac, Marine  
  175  9:09  Marine x4  
  187  9:15  Widow Mine x2  
  191  9:18  Marauder x2, Marine x2  
  195  9:27  Thor  
  179  9:37  Medivac, Marauder x2, Marine x3  
  179  9:38  Medivac  
  165  9:39  Marauder  
  159  9:48  Widow Mine x2  
  159  9:49  Marauder, Marine  
  166  9:58  Marauder, Marine  
  166  9:59  Marauder, Marine x6  
  175  10:01  Marauder  
  179  10:07  Marine  
  179  10:09  Medivac x2  
  179  10:10  Marine  
  181  10:16  Marine  
  181  10:17  Marine  
  181  10:20  Marauder x2  
  178  10:21  Marine  
  178  10:22  Marine x5  
  178  10:25  Widow Mine, Marine  
  178  10:26  Widow Mine x2  
  178  10:27  Marine  
  182  10:34  Marine  
  182  10:35  Marine  
  182  10:39  Marine  
Show
View Real Time Build Order
Export as new Build Order

Scarlett Zerg 

Build Orders: Hatch First, Muta Ling Bane 

Get SALT Encoding   

  12  0:01  Drone  
  13  0:12  Overlord  
  13  0:16  Drone  
  14  0:30  Drone x2  
  16  0:47  Hatchery  
  15  0:51  Drone  
  15  0:54  Drone  
  17  0:58  Drone  
  18  1:08  Extractor  
  17  1:13  Spawning Pool  
  17  1:15  Drone  
  17  1:18  Drone  
  18  1:27  Drone  
  19  1:38  Drone  
  20  1:49  Overlord  
  20  1:59  Queen x2  
  20  2:00  Zergling x4  
  26  2:11  Drone x2, Metabolic Boost  
  28  2:26  Extractor  
  28  2:27  Drone x2  
  29  2:34  Hatchery  
  29  2:37  Drone, Extractor  
  29  2:40  Drone  
  29  2:44  Drone  
  32  2:46  Overlord  
  32  2:58  Drone, Queen  
  34  2:59  Drone  
  35  3:06  Drone  
  35  3:07  Drone  
  35  3:09  Drone x3  
  39  3:15  Queen  
  39  3:19  Overlord  
  41  3:22  Drone  
  42  3:29  Drone x2  
  44  3:37  Queen  
  44  3:40  Zergling x4  
  48  3:44  Zergling x6  
  48  3:47  Overlord  
  51  3:49  Drone  
  51  3:55  Drone, Queen  
  53  4:00  Overlord  
  55  4:03  Drone x2  
  55  4:07  Drone  
  58  4:10  Drone x4, Baneling Nest  
  58  4:13  Lair  
  58  4:14  Drone  
  62  4:19  Drone  
  62  4:22  Queen  
  65  4:26  Zergling x6  
  65  4:27  Drone  
  69  4:32  Drone x2  
  69  4:34  Spore Crawler  
  69  4:36  Spore Crawler  
  69  4:38  Drone  
  69  4:42  Drone, Extractor  
  69  4:43  Drone, Extractor  
  70  4:46  Queen  
  70  4:50  Overlord x2  
  70  4:51  Drone x2  
  74  4:54  Overlord  
  74  4:57  Extractor, Overlord  
  74  4:59  Extractor x2  
  71  5:00  Drone x2  
  71  5:03  Overlord  
  71  5:04  Drone  
  74  5:10  Drone x5  
  74  5:13  Drone  
  80  5:19  Spire  
  79  5:23  Drone x4  
  83  5:32  Drone x5  
  83  5:33  Centrifical Hooks  
  88  5:37  Overseer  
  88  5:39  Drone x3  
  91  5:45  Drone x2  
  91  5:48  Zergling x10  
  98  5:53  Drone  
  98  5:56  Drone, Evolution Chamber  
  99  5:57  Evolution Chamber  
  99  6:03  Hatchery  
  97  6:11  Zergling x18  
  100  6:17  Overlord x2  
  106  6:22  Overlord  
  106  6:24  Zerg Ground Armor Level 1, Zerg Melee Weapons Level 1  
  106  6:29  Baneling  
  106  6:30  Baneling x10  
  106  6:35  Mutalisk x2  
  106  6:38  Mutalisk x2  
  114  6:41  Mutalisk  
  116  6:51  Mutalisk x2  
  119  6:55  Zergling x20  
  119  6:57  Overseer  
  128  7:06  Overlord  
  123  7:18  Drone x12  
  123  7:20  Zerg Flyer Weapons Level 1  
  123  7:21  Queen  
  135  7:27  Pneumatized Carapace, Overseer  
  135  7:28  Mutalisk x3, Overseer  
  141  7:32  Zergling x2  
  140  7:42  Drone x4  
  138  7:44  Extractor  
  138  7:45  Extractor  
  138  7:47  Drone x2  
  138  7:48  Mutalisk x3, Hatchery  
  143  7:52  Zergling x8  
  143  7:56  Baneling x5  
  147  7:58  Zergling x8  
  147  8:01  Overlord x2  
  151  8:08  Overlord x2  
  151  8:19  Zerg Melee Weapons Level 2, Zerg Ground Armor Level 2  
  151  8:24  Drone, Infestation Pit  
  151  8:25  Zergling x20  
  151  8:26  Zergling x2  
  162  8:31  Baneling x9  
  162  8:38  Mutalisk  
  151  8:42  Zergling x16  
  159  8:51  Zergling x14  
  166  8:59  Baneling x6  
  166  9:00  Baneling x15  
  166  9:07  Zergling x16  
  166  9:08  Hatchery  
  172  9:11  Baneling x9  
  172  9:12  Baneling  
  172  9:18  Baneling x6  
  140  9:34  Mutalisk x3  
  140  9:36  Zergling x20  
  140  9:37  Zergling x18  
  131  9:47  Zergling x6  
  131  9:48  Overseer  
  134  9:54  Baneling  
  134  9:55  Baneling x5  
  134  9:56  Baneling x5  
  134  9:57  Zergling x14  
  141  10:03  Zergling x6  
  141  10:06  Baneling x9  
  144  10:07  Zergling x2  
  144  10:08  Zergling x2  
  140  10:14  Zergling x8  
  140  10:15  Zergling x12  
  142  10:23  Zergling x16  

Tags
 
Add a new tag
Caveats
  • Supply blocks, unpowered buildings, or Contaminate may cause inaccurate times.
  • Supply counts are checked every 10 seconds.